 Dungeon Crawl Stone Soup version 0.29-a0-582-ge82337ba6a (webtiles) character file.

Game seed: 16079032130200523074

2799 happo123 the Ruffian (level 9, -2/84 HPs)
             Began as a Troll Transmuter on June 14, 2022.
             Was a Follower of Okawaru.
             Slain by an orc warrior
             ... wielding a +0 short sword of electrocution
              (15 damage)
             ... on level 7 of the Dungeon.
             The game lasted 00:26:48 (6820 turns).

happo123 the Ruffian (Troll Transmuter)             Turns: 6820, Time: 00:26:49

Health: -2/84      AC: -19   Str: 20    XL:     9   Next: 43%
Magic:  12/12      EV: 10    Int: 13    God:    Okawaru [*.....]
Gold:   396        SH:  0    Dex: 10    Spells: 11/14 levels left

rFire   + . .      SeeInvis .     - Unarmed
rCold   + . .      Faith    .   (no shield)
rNeg    . . .      Spirit   .   a - +0 robe
rPois   .          Reflect  .   (helmet currently unavailable)
rElec   .          Harm     .   H - +0 cloak
rCorr   .          Rampage  .   (gloves unavailable)
Will    .....                   (boots unavailable)
Stlth   +.........              C - amulet of magic regeneration
HPRegen 1.04/turn               e - ring of protection from fire
MPRegen 0.53/turn               r - ring of protection from cold

@: mighty, appendages, wereblooded, corroded
A: horns 2, talons 2, large, unfitting armour, claws 3, regeneration 1, shaggy
fur 1, tough skin 1, sense surroundings 1, noise suppression
a: End Transformation, Renounce Religion, Heroism


You were on level 7 of the Dungeon.
You worshipped Okawaru.
Okawaru was aware of your devotion.
You had temporarily grown beastly horns and talons.
You visited 2 branches of the dungeon, and saw 8 of its levels.
You also visited: Ossuary.

You collected 418 gold pieces.
You spent 22 gold pieces at shops.

Inventory:

Hand Weapons
 k - a +2 broad axe of venom
 o - a +2 flail of protection
Missiles
 B - a throwing net
Armour
 a - a +0 robe (worn)
 H - a +0 cloak (worn)
Magical Staves
 p - a staff of cold
Jewellery
 e - a ring of protection from fire (left claw)
 r - a ring of protection from cold (right claw)
 C - an amulet of magic regeneration (around neck)
Wands
 q - a wand of polymorph (7)
 A - a wand of iceblast (8)
 G - a wand of paralysis (12)
Scrolls
 f - 9 scrolls of teleportation {unknown}
 h - 10 scrolls of noise
 l - 2 scrolls of torment {unknown}
 m - 3 scrolls of fear
 n - a scroll of identify
 s - 2 scrolls of magic mapping {unknown}
 t - 3 scrolls of immolation
 w - a scroll of fog {unknown}
 y - a scroll of summoning {unknown}
 z - a scroll of blinking
Potions
 b - a potion of lignification
 c - 4 potions of attraction {unknown}
 d - 3 potions of mutation
 g - 2 potions of flight {unknown}
 i - 6 potions of curing
 j - a potion of invisibility {unknown}
 u - a potion of might
 v - a potion of berserk rage {unknown}
 x - a potion of haste {unknown}
 D - a potion of brilliance {unknown}
 E - 2 potions of magic {unknown}
 F - a potion of ambrosia {unknown}


   Skills:
 + Level 3.7 Fighting
 + Level 4.0 Dodging
 * Level 7.2 Unarmed Combat
 + Level 3.0 Spellcasting
 * Level 5.2 Transmutations
 + Level 3.3 Ice Magic


You had 11 spell levels left.
You knew the following spells:

 Your Spells              Type           Power      Damage    Failure   Level
a - Beastly Appendage     Tmut           30%        N/A       2%          1
b - Wereblood             Tmut           15%        N/A       4%          2

Your spell library contained the following spells:

 Spells                   Type           Power      Damage    Failure   Level
 Apportation              Tloc           4%         N/A       22%         1
 Necrotize                Necr           8%         1d4       22%         1
 Slow                     Hex            8%         N/A       22%         1
 Spider Form              Tmut/Pois      8%         N/A       24%         3
 Ignite Poison            Fire/Tmut/Pois 6%         N/A       32%         3
 Scorch                   Fire           4%         2d5       34%         2
 Ice Form                 Ice/Tmut       13%        N/A       36%         4
 Confusing Touch          Hex            2%         N/A       56%         3
 Conjure Flame            Conj/Fire      2%         6-21      56%         3
 Dazzling Flash           Conj/Hex       4%         N/A       56%         3
 Gell's Gravitas          Tloc           2%         N/A       56%         3
 Lesser Beckoning         Tloc           2%         N/A       56%         3
 Teleport Other           Tloc           2%         N/A       56%         3
 Vampiric Draining        Necr           2%         2d6       56%         3
 Flame Wave               Conj/Fire      2%         2d4       92%         4
 Iskenderun's Mystic Bla  Conj/Tloc      2%         2d3       92%         4
 Sticky Flame             Conj/Fire      2%         2d3       92%         4
 Starburst                Conj/Fire      1%         6d3       100%        6
 Summon Small Mammal      Summ           Unusable   N/A       N/A         1
 Summon Cactus Giant      Summ           Unusable   N/A       N/A         6

Dungeon Overview and Level Annotations

Branches:
Dungeon (7/15)             Temple (1/1) D:6         Ossuary (visited)

Altars:
Ashenzari
Cheibriados
Dithmenos
Elyvilon
Fedhas
Gozag
Hepliaklqana
Kikubaaqudgha
Makhleb
Nemelex Xobeh
Okawaru
Qazlal
Ru
Sif Muna
Trog
Uskayaw
Vehumet
Wu Jian
Xom
Yredelemnul
Zin
The Shining One

Shops:
D:3 *


Innate Abilities, Weirdness & Mutations

You have temporarily grown beastly horns and talons.
You are too large for most types of armour.
You have claws for hands.
Your natural rate of healing is unusually fast.
You are covered in fur. (AC +1)
You have tough skin. (AC +1)
You passively map a small area around you.
You passively dampen the noise of your surroundings.


Message History

You closely miss the rust devil.
You headbutt the rust devil, but do no damage.
The rust devil is severely wounded.
You scratch the rust devil.
You claw the rust devil, but do no damage.
You headbutt the rust devil!
The rust devil is almost dead.
The orc warrior misses you. The rust devil barely misses you.
The rust devil hits you.
* * * LOW HITPOINT WARNING * * *
The rust devil corrodes you!
You closely miss the rust devil. Your kick misses the rust devil.
Your headbutt misses the rust devil.
The rust devil is almost dead.
The orc warrior barely misses you. The rust devil hits you.
* * * LOW HITPOINT WARNING * * *
The rust devil corrodes you! The rust devil barely misses you.
You scratch the rust devil. You headbutt the rust devil!
You feel a bit better.
You kill the rust devil!
Okawaru is honoured by your kill. The orc warrior closely misses you.
The rust devil hits you.
* * * LOW HITPOINT WARNING * * *
The rust devil corrodes you!
Your Dodging skill increases to level 4!
Your Spellcasting skill increases to level 3!
You scratch the rust devil but do no damage.
The orc warrior closely misses you. The rust devil barely misses you.
You barely miss the rust devil.
The orc warrior hits you with a +0 short sword of electrocution!
* * * LOW HITPOINT WARNING * * *
The rust devil hits you.
* * * LOW HITPOINT WARNING * * *
The rust devil corrodes you! The orc warrior barely misses you.
The rust devil misses you.
You climb downwards.
You howl as the wereblood boils in your veins!
There is a stone staircase leading up here.
The orc warrior attacks as you move away!
The orc warrior hits you with a +0 short sword of electrocution!
You die...

### ####.# #[...############
######### #.##.#..........#
#........ #.##.#.########.#
#.####### #...........# #.# #.#
##########..####.# #.# #.#
............####4###.# #.#
...............o@...># #.#
#..########.########## #.# #..#
#.# #.# #..# #.# #.# ####
#.#############.#
#...............#
♣♣♣♣♣####################.#######
♣.♣....#.........................
.♣.......##############.#.#######


You could see a rust devil and an orc warrior.

Vanquished Creatures
  A rust devil (D:6)
  Grinder (D:3)
  A steam dragon (D:6)
  Duvessa (D:7)
  An orc warrior (D:6)
  2 sky beasts
  An ice beast (D:7)
  A black bear (D:7)
  5 ogres
  2 phantoms
  A bullfrog (D:6)
  A necrophage (D:6)
  2 scorpions
  Dowan (D:7)
  A howler monkey (D:6)
  A human zombie (Ossuary)
  A centaur zombie (Ossuary)
  2 hounds
  A jelly (D:7)
  Crazy Yiuf (D:7)
  A gnoll shaman (D:7)
  An orc priest (D:5)
  2 iguanas
  3 orc wizards
  3 mummies (Ossuary)
  Robin (D:3)
  3 adders
  4 gnolls (D:7)
  3 shadow imps
  A white imp (D:7)
  A worm (D:2)
  A dart slug (D:2)
  22 orcs
  10 ball pythons
  6 bats
  6 endoplasms
  3 giant cockroaches
  16 goblins
  8 hobgoblins
  10 jackals
  6 quokkas
  A frilled lizard (D:3)
  2 gnoll zombies (Ossuary)
  A goblin zombie (Ossuary)
  A hobgoblin zombie (Ossuary)
  7 kobolds
  A kobold zombie (Ossuary)
  An orc zombie (Ossuary)
  5 rats
158 creatures vanquished.

Notes
Turn   | Place    | Note
-------+----------+-------------------------------------------
     0 | D:1      | happo123 the Troll Transmuter began the quest for the Orb.
     0 | D:1      | Reached XP level 1. HP: 18/18 MP: 1/1
    88 | D:1      | Reached XP level 2. HP: 25/26 MP: 2/2
    91 | D:1      | Learned a level 2 spell: Wereblood
   362 | D:1      | Reached skill level 1 in Fighting
   651 | D:2      | Found a hide-covered altar of Uskayaw.
   950 | D:2      | Reached XP level 3. HP: 32/33 MP: 2/4
  1674 | D:3      | Found Lymempech's General Store.
  1694 | D:3      | Bought a scroll of identify for 22 gold pieces
  1713 | D:3      | Reached XP level 4. HP: 41/41 MP: 1/5
  1911 | D:3      | Found a blossoming altar of Fedhas.
  1918 | D:3      | Noticed Grinder
  1925 | D:3      | Paralysed by Grinder for 3 turns
  1932 | D:3      | Killed Grinder
  1933 | D:3      | Reached skill level 4 in Unarmed Combat
  1933 | D:3      | Reached skill level 1 in Ice Magic
  1933 | D:3      | Reached XP level 5. HP: 45/49 MP: 1/6
  1933 | D:3      | Reached XP level 6. HP: 53/57 MP: 1/7
  2092 | D:3      | Found a snail-covered altar of Cheibriados.
  2094 | D:3      | Found a basalt altar of Yredelemnul.
  2149 | D:3      | Noticed Robin
  2184 | D:3      | Killed Robin
  2403 | D:3      | Found a glowing golden altar of the Shining One.
  2764 | D:4      | Found a sacrificial altar of Ru.
  2884 | D:4      | Reached XP level 7. HP: 65/65 MP: 5/9
  2963 | D:4      | Found a broken altar of Ashenzari.
  3407 | D:5      | Entered Level 5 of the Dungeon
  3463 | D:5      | Found a sand-covered staircase.
  3472 | Ossuary  | Entered an ossuary
  3529 | Ossuary  | Reached skill level 5 in Unarmed Combat
  4497 | D:5      | Gained mutation: You passively map a small area around you.
                  | [potion of mutation]
  4497 | D:5      | Gained mutation: You passively dampen the noise of your
                  | surroundings. [potion of mutation]
  4701 | D:6      | Reached XP level 8. HP: 74/74 MP: 10/10
  4747 | D:6      | Found an opulent altar of Gozag.
  4747 | D:6      | Found a glowing silver altar of Zin.
  4860 | D:6      | Reached skill level 6 in Unarmed Combat
  5197 | D:6      | Found a staircase to the Ecumenical Temple.
  5203 | Temple   | Entered the Ecumenical Temple
  5228 | Temple   | Became a worshipper of Warmaster Okawaru
  5641 | D:7      | Noticed Dowan
  5643 | D:7      | Noticed Duvessa
  5656 | D:7      | Killed Duvessa
  5664 | D:7      | Killed Dowan
  5833 | D:7      | Reached XP level 9. HP: 81/83 MP: 12/12
  6345 | D:7      | Found a runed translucent door.
  6346 | D:7      | Noticed Crazy Yiuf
  6354 | D:7      | Killed Crazy Yiuf
  6802 | D:6      | Noticed a rust devil
  6802 | D:6      | Noticed a rust devil
  6802 | D:6      | Found the +6 shillelagh "Devastator" {shatter}
  6808 | D:6      | Reached * piety under Okawaru
  6809 | D:6      | Reached skill level 7 in Unarmed Combat
  6809 | D:6      | Reached skill level 5 in Transmutations
  6815 | D:6      | Killed a rust devil
  6820 | D:7      | Slain by an orc warrior

Illustrated notes

Levels and vault maps discovered:
D:1:      dpeg_arrival_tiny_h, layout_loops_cross, minivault_4
D:2:      layout_loops_corners, basic_altar
D:3:      layout_loops_corners, nicolae_overflow_crystal_walls,
          chequers_temple_overflow_statue_of_worship,
          mainiacjoe_overflow_cross_hatched, serial_shops, shop, uniq_robin,
          uniq_grinder
D:4:      layout_loops_ring, mainiacjoe_overflow_small_starburst,
          mainiacjoe_overflow_brackets
D:5:      layout_gridville, nicolae_ossuary_entry_ruins
D:6:      cheibrodos_iron_armory, layout_basic,
          grunt_temple_overflow_gold_and_silver, minmay_temple_entry_fiery
D:7:      layout_basic, uniq_duvessa, uniq_crazy_yiuf_cottage
Temple:   jpeg_temple_clearing

Skill      XL: |  1  2  3  4  5  6  7  8  9 |
---------------+----------------------------+-----
Fighting       | 1 2 3 |  3.7
Transmutations | 2 3 4 5 |  5.2
Dodging        | 2 3 4 |  4.0
Unarmed Combat | 4 5 6 7 |  7.2
Ice Magic      | 1 2 3 |  3.3
Spellcasting   | 2 3 |  3.0

Action                   |  1- 3 |  4- 6 |  7- 9 || total
-------------------------+-------+-------+-------++-------
Melee: Unarmed           |   112 |    99 |   210 ||   421
       Kick              |    11 |    15 |    59 ||    85
       Punch             |     2 |     1 |     6 ||     9
       Headbutt          |     3 |     4 |    30 ||    37
 Cast: Beastly Appendage |    13 |     8 |    30 ||    51
       Wereblood         |     1 |     3 |    11 ||    15
  Use: Scroll            |       |       |     6 ||     6
       Potion            |       |       |     2 ||     2
 Stab: Sleeping          |     1 |     1 |       ||     2
Armor: Robe              |    45 |    40 |    45 ||   130
Dodge: Dodged            |    55 |    56 |   110 ||   221

Table legend: (Time is in decaauts)
 A = Elapsed time spent in this place.
 B = Non-inter-level travel time spent in this place.
 C = Inter-level travel time spent in this place.
 D = Time resting spent in this place.
 E = Time spent auto-exploring this place.
 F = Levels seen in this place.
 G = Mean time per level.
                   A        B        C        D        E       F      G
               +--------+--------+--------+--------+--------+-----+--------+
         Total |   6780 |   6307 |    473 |     14 |   5026 |   9 |  753.3 |
       Dungeon |   6466 |   6020 |    446 |     14 |   4970 |   7 |  923.7 |
        Temple |     99 |     72 |     27 |      0 |     56 |   1 |   99.0 |
       Ossuary |    214 |    214 |      0 |      0 |      0 |   1 |  214.0 |
               +--------+--------+--------+--------+--------+-----+--------+

Top non-repeatable levels by time:
     D:7: 1180 daAuts
     D:3: 1050 daAuts
     D:6: 993 daAuts
     D:2: 916 daAuts
     D:5: 902 daAuts
     D:4: 778 daAuts
     D:1: 645 daAuts
 Ossuary: 214 daAuts
  Temple: 99 daAuts
